 Dungeon Crawl Stone Soup version 0.27.1-33-g824d729ab1 (webtiles) character file.

Game seed: 15020034589935144444

1 belegose the Twirler (level 1, -1/18 HPs)
             Began as a Djinni Wanderer on Dec 3, 2021.
             Slain by a frilled lizard (3 damage)
             ... on level 1 of the Dungeon.
             The game lasted 00:00:48 (135 turns).

belegose the Twirler (Djinni Wanderer)               Turns: 135, Time: 00:00:49

Health: -1/18      AC:  2    Str: 12    XL:     1   Next: 22%
Gold:   32         EV: 12    Int: 11    God:
                   SH:  0    Dex: 13

rFire    + + .     SeeInvis .   a - +2 quarterstaff
rCold    x . .     Faith    .   (shield currently unavailable)
rNeg     . . .     Spirit   .   d - +0 robe
rPois    ∞         Reflect  .   (no helmet)
rElec    .         Harm     .   (no cloak)
rCorr    .         Rampage  .   (no gloves)
Will     .....                  (boots unavailable)
Stlth    ++........             (no amulet)
HPRegen  0.06/turn              (no ring)
MPRegen  0.00/turn              (no ring)

@: flying
A: sickness immunity, fire resistance 2, cold vulnerability 1, float, innate
caster, hp casting, extra vitality 1
a: no special abilities


You were on level 1 of the Dungeon.
You visited 1 branch of the dungeon, and saw 1 of its levels.

You collected 32 gold pieces.

Inventory:

Hand Weapons
 a - a +2 quarterstaff (weapon)
 e - a +0 dagger
Armour
 d - a +0 robe (worn)
Potions
 b - a potion of curing
 c - a potion of lignification


   Skills:
 + Level 2.0 Fighting
 - Level 2.6 Staves
 + Level 1.0 Throwing
 + Level 2.2 Dodging
 + Level 1.6 Stealth


You couldn't memorise any spells.
You didn't know any spells.
Your spell library was empty.

Dungeon Overview and Level Annotations

Branches:
Dungeon (1/15)

Altars:


Innate Abilities, Weirdness & Mutations

You are immune to sickness and miasma.
You are immune to poison.
Your flesh is very heat resistant. (rF++)
You are vulnerable to cold. (rC-)
You float through the air rather than walking.
You learn spells naturally, not from books.
Your magical power is your life essence.
You have superior vitality. (+4 HP)


Message History

You reach down and open the door.
Found 21 stones.
There is an open door here.
Found a stone staircase leading down.
A bat comes into view.
Found 15 gold pieces.
The helpless bat fails to defend itself.
You hit the bat.
You kill the bat!
No target in view!
No target in view!
No target in view!
You now have 32 gold pieces (gained 15).
Found 10 gold pieces.
A kobold comes into view. It is wielding a +0 whip.
The kobold shouts!
A frilled lizard comes into view.
The kobold hits you with a +0 whip.
Okay, then.
The kobold hits you with a +0 whip.
The frilled lizard hisses angrily.
The kobold hits you with a +0 whip. The kobold misses you.
The kobold barely misses you. The frilled lizard closely misses you.
The kobold completely misses you. The frilled lizard closely misses you.
The kobold hits you with a +0 whip. The frilled lizard barely misses you.
The kobold hits you but does no damage. The frilled lizard closely misses you.
The kobold barely misses you. The frilled lizard bites you.
The kobold hits you with a +0 whip.
* * * LOW HITPOINT WARNING * * *
The frilled lizard barely misses you. The kobold barely misses you.
The frilled lizard bites you.
* * * LOW HITPOINT WARNING * * *
The kobold barely misses you. The frilled lizard bites you.
* * * LOW HITPOINT WARNING * * *
The kobold barely misses you. The frilled lizard barely misses you.
The kobold closely misses you.
The frilled lizard bites you but does no damage.
The kobold barely misses you. The frilled lizard bites you.
You die...

#####....#.#########
...................#
................. .#
#####........#####.##
....................#
......####...##.....#
......# ######..$..##
...... #.l....#
....(. #.@..#.#
...... #..K.....#
...... #.....#.##
...... #.....# #
...... #.......
...... #......#.
######## #......# .
♣♣♣≈≈≈≈♣♣♣♣ #......#
♣≈≈≈≈8≈≈≈≈♣♣#


You could see a kobold and a frilled lizard.

Vanquished Creatures
  A bat (D:1)
1 creature vanquished.

Notes
Turn   | Place    | Note
-------+----------+-------------------------------------------
     0 | D:1      | belegose the Djinni Wanderer began the quest for the Orb.
     0 | D:1      | Reached XP level 1. HP: 18/18 MP: 0/0
   135 | D:1      | Slain by a frilled lizard

Illustrated notes

Levels and vault maps discovered:
D:1:      sevenhm_arrival_forest_fort_small_5, layout_basic

Action                   || total
-------------------------++-------
Melee: Quarterstaff      ||     1
 Stab: Sleeping          ||     1
Armor: Robe              ||     2
Dodge: Dodged            ||    15
